 Dungeon Crawl Stone Soup version 0.17.0 (webtiles) character file.

99962 edsrzf the Phalangite (level 15, 0/132 HPs)
             Began as a Minotaur Abyssal Knight on Nov 14, 2015.
             Was the Champion of Lugonu.
             Killed from afar by a shock serpent (17 damage)
             ... with a bolt of electricity
             ... on level 1 of the Snake Pit.
             The game lasted 01:15:34 (30991 turns).

edsrzf the Phalangite (Minotaur Abyssal Knight)    Turns: 30991, Time: 01:15:34

Health: 0/132      AC: 28    Str: 18    XL:     15   Next: 79%
Magic:  32/32      EV: 10    Int:  9    God:    Lugonu [******]
Gold:   2117       SH:  0    Dex: 15    Spells: 0 memorised, 14 levels left

rFire  + . .     SeeInvis .     a - +4 bardiche (chop)
rCold  + . .     Clarity  .     w - +2 plate armour {rF+}
rNeg   + . .     SustAt   .     (shield currently unavailable)
rPois  +         Gourm    .     (helmet restricted)
rElec  .         Spirit   .     H - +2 cloak
rCorr  .         Warding  .     U - +2 pair of gloves "Vemiulu" {rC+ rN+ MP+9}
rMut   .         Stasis   .     B - +2 pair of boots of the Assassin {DetectMon Stab+ Stlth++}
MR     +....                    Z - amulet of faith {!P}
Stlth  ..........               X - +3 ring of slaying
                                e - ring of poison resistance

@: somewhat resistant to hostile enchantments, extremely unstealthy
A: retaliatory headbutt, horns 2, camouflage 1
a: Depart the Abyss, Bend Space, Banish, Corrupt, Enter the Abyss, Brand Weapon
With Distortion, Renounce Religion


You were on level 1 of the Snake Pit.
You worshipped Lugonu.
Lugonu was exalted by your worship.
You were very hungry.

You visited 4 branches of the dungeon, and saw 28 of its levels.
You visited the Abyss 2 times.
You also visited: Labyrinth and Ossuary.

You collected 3012 gold pieces.
You spent 895 gold pieces at shops.

Inventory:

Hand Weapons
 a - a +4 bardiche of chopping (weapon)
 b - a +0 blowgun
Missiles
 p - 60 poisoned needles
 N - 7 curare-tipped needles {=f}
 Y - 12 javelins (quivered)
Armour
 w - a +2 plate armour of fire resistance (worn)
 B - the +2 pair of boots of the Assassin (worn) {DetectMon Stab+ Stlth++}
   (You found it on level 5 of the Lair of Beasts)

   It makes you much more stealthy.
 H - a +2 cloak (worn)
 U - the +2 pair of gloves "Vemiulu" (worn) {rC+ rN+ MP+9}
   (You found it on level 7 of the Lair of Beasts)

   It protects you from cold.
   It protects you from negative energy.
   It affects your magic capacity (+9).
Rods
 m - a +3 rod of shadows (14/14)
   (You took it off a minotaur in a labyrinth)
 x - a +2 iron rod (9/9)
   (You found it in a labyrinth)
Jewellery
 e - a ring of poison resistance (left hand)
 i - an uncursed ring of positive energy
 t - an uncursed ring of sustain attributes
 y - an uncursed ring of teleportation
 D - an uncursed ring of flight
 Q - a +5 ring of dexterity
 X - a +3 ring of slaying (right hand)
 Z - an amulet of faith (around neck) {!P}
Wands
 z - a wand of fireball (8)
 J - a wand of paralysis (11)
 P - a wand of polymorph (22)
 V - a wand of paralysis (9)
 W - a wand of digging (14)
Scrolls
 d - 4 scrolls of fear
 j - 4 scrolls of enchant armour
 q - a scroll of remove curse {@r2}
 s - 2 scrolls of teleportation {@r3}
 A - 3 scrolls of immolation
 G - 3 scrolls of magic mapping
 L - 2 scrolls of recharging {@r4}
 M - a scroll of fog
 O - 2 scrolls of vulnerability
 S - 2 scrolls of brand weapon
Potions
 g - 17 potions of curing
 h - 3 potions of invisibility
 k - 4 potions of lignification
 l - a potion of heal wounds
 n - 3 potions of might
 C - a potion of berserk rage {!q}
 E - 6 potions of flight
 F - 5 potions of agility
 I - 3 potions of cancellation
 R - 3 potions of haste
 T - 4 potions of magic
Miscellaneous
 u - a phantom mirror
Comestibles
 c - 13 bread rations
 f - 10 royal jellies
 o - 23 fruits
 v - 7 meat rations


   Skills:
 - Level 12.1 Fighting
 * Level 21.4 Polearms
 - Level 12.2 Armour
 + Level 8.2 Dodging
 + Level 12.2 Invocations
 - Level 6.0 Evocations


You had 14 spell levels left.
You didn't know any spells.

Dungeon Overview and Level Annotations

Branches:
Dungeon (15/15)            Temple (0/1) D:5            Lair (8/8) D:10
  Swamp (0/4) Lair:6        Snake (1/4) Lair:4        Slime (0/6) Lair:8
    Orc (4/4) D:11            Elf (0/3) Orc:4        Vaults (0/5) D:14
 Depths (0/5) D:15

Altars:
Ashenzari
Dithmenos
Makhleb
Okawaru
Ru
Sif Muna
Trog
Yredelemnul
The Shining One
Beogh

Shops:
D:6 !   Orc:2 !   Orc:4 (%}!

Portals:
Pandemonium: Orc:4

Annotations:
D:10 Gastronok
Lair:5 exclusion: 2 oklob plants
Abyss:1 Rupert


Innate Abilities, Weirdness & Mutations

You reflexively headbutt those who attack you in melee.
You have a pair of horns on your head.
Your skin changes colour to match your surroundings (Stealth).


Message History

You slice Josephine!! You headbutt Josephine!
Josephine is almost dead.
Josephine hits you but does no damage.
You slice Josephine!!
You kill Josephine!
Lugonu accepts your kill.
You feel your intelligence returning.
No target in view!
No target in view!
No target in view!
Things that are here:
a dagger; a robe
Things that are here:
a dagger; a robe Attack whom?
Press: ? - help, Dir - move target cursor, f - wraith
Aim: a wraith You reach to attack!
You closely miss the wraith. You closely miss the wraith.
The wraith barely misses you.
You closely miss the wraith. Your headbutt misses the wraith.
The wraith misses you.
You closely miss the wraith. The wraith misses you.
You barely miss the wraith. You headbutt the wraith.
The wraith is lightly damaged.
The wraith barely misses you.
You closely miss the wraith.
The wraith is lightly damaged.
You slice the wraith!!
The wraith is almost destroyed.
The wraith misses you. You furiously retaliate!
You headbutt the wraith.
You destroy the wraith!
Lugonu accepts your kill.
No target in view!
Things that are here:
a dagger; a robe The wraith is too close now for your liking.
Attack whom?
Press: ? - help, Dir - move target cursor, f - wraith
Aim: a wraith You reach to attack!
You closely miss the wraith. You slash the wraith!
The wraith is moderately damaged.
A shock serpent comes into view.
You closely miss the wraith.
The wraith is moderately damaged.
The shock serpent hisses angrily.
The shock serpent moves out of view.
The wraith misses you. You furiously retaliate!
You headbutt the wraith, but do no damage.
You slash the wraith!
The wraith is severely damaged.
The wraith closely misses you.
Your plate armour prevents you from hitting the wraith.
Your headbutt misses the wraith.
The wraith is severely damaged.
The wraith closely misses you.
You hit the wraith but do no damage. You headbutt the wraith.
The wraith is almost destroyed.
The wraith barely misses you.
The shock serpent bites you but does no damage.
Your plate armour prevents you from hitting the wraith.
Your headbutt misses the wraith.
The wraith is almost destroyed.
The shock serpent bites you but does no damage.
The wraith barely misses you.
You hit the wraith but do no damage. You headbutt the wraith.
The wraith is almost destroyed.
The shock serpent bites you but does no damage.
The wraith completely misses you. The shock serpent barely misses you.
You furiously retaliate!
You headbutt the shock serpent!
The shock serpent's electric aura discharges!
The lightning shocks you.
You closely miss the wraith. Your headbutt misses the wraith.
The wraith is almost destroyed.
The shock serpent bites you! The shock serpent shocks you!
The wraith hits you but does no damage.
Your plate armour prevents you from hitting the wraith.
You headbutt the wraith.
You destroy the wraith!
Lugonu accepts your kill. The shock serpent bites you.
The shock serpent shocks you! The shock serpent barely misses you.
You miss the shock serpent. You headbutt the shock serpent!
The shock serpent is heavily wounded.
The shock serpent's electric aura discharges!
The lightning shocks you. The shock serpent bites you.
The shock serpent shocks you!
You miss the shock serpent.
The shock serpent is heavily wounded.
The shock serpent closely misses you.
You barely miss the shock serpent.
The shock serpent is heavily wounded.
The shock serpent shoots out a bolt of lightning at you!
The bolt of electricity hits you! x2
* * * LOW HITPOINT WARNING * * *
The bolt of electricity hits the shock serpent.
The shock serpent completely resists.
The shock serpent shoots out a bolt of lightning at you!
The bolt of electricity hits you!
You die...

#...# .#
#...# ..#
#...###(..#
#........#.
#..........
#...# #...#
#..S# #.@.#
##.##
###.#####
#...#...#
#)###)<.#
#.##....#
#.##..)##
#.#....#
#.....##


You could see a shock serpent.

Vanquished Creatures
  Frances (D:14)
  A dire elephant (Lair:8)
  Snorg (Orc:2)
  A minotaur (Lab)
  Josephine (Snake:1)
  Harold (Lair:2)
  A catoblepas (Lair:8)
  The ghost of chequers the Cleaver, a journeyman DsAK of Lugonu (D:10)
  A deep troll shaman (Lair:8)
  A centaur warrior (D:13)
  11 death yaks
  3 tengu warriors
  3 orc high priests (Orc:4)
  A sun demon (Orc:4)
  4 unseen horrors
  A skeletal warrior (D:15)
  A gelid demonspawn (Orc:4)
  2 ice devils (Orc:4)
  8 hill giants
  A phantasmal warrior (D:15)
  A torturous demonspawn (Orc:4)
  A mana viper (Snake:1)
  A putrid demonspawn (Orc:4)
  A necromancer (D:15)
  A cyclops (D:11)
  9 orc sorcerers
  A sixfirhy (Orc:4)
  12 elephants
  2 griffons
  A stone giant zombie (D:15)
  6 ugly things
  4 orc knights (Orc:4)
  4 manticores
  A frost giant zombie (D:15)
  Maurice (Orc:1)
  4 black mambas
  A frost giant skeleton (D:15)
  A torpor snail (Lair:7)
  10 spiny frogs
  A smoke demon (Orc:4)
  A centaur zombie (D:14)
  3 centaur skeletons
  A kobold demonologist (D:15)
  A yaktaur zombie (D:15)
  2 fire drakes
  A yaktaur (shapeshifter) (D:15)
  7 komodo dragons
  A yaktaur (D:11)
  A guardian mummy (D:15)
  A tengu conjurer (D:15)
  7 trolls
  A queen bee (Lair:6)
  4 blink frogs (Lair:8)
  2 polar bears (Lair:8)
  5 two-headed ogres
  A boulder beetle (Lair:8)
  2 shadows (D:14)
  46 yaks
  5 wraiths
  3 deep elf magi
  A trapdoor spider (Lab)
  A spriggan (D:10)
  A hill giant zombie (D:11)
  8 hungry ghosts
  A vampire (D:15)
  3 wyverns
  A deep elf fighter (D:10)
  Grum (D:8)
  2 steam dragons
  A warg (shapeshifter) (D:15)
  14 wolves
  16 vampire mosquitoes
  A mottled dragon (D:13)
  12 hippogriffs
  4 basilisks
  7 nagas
  19 water moccasins
  A warg (Orc:4)
  16 porcupines
  A swamp drake (Lair:2)
  An eye of draining (D:11)
  28 orc warriors
  5 ice beasts
  2 black bears
  A necrophage (D:10)
  6 ogres
  6 sky beasts
  3 phantoms
  5 centaurs
  17 crocodiles
  26 giant frogs
  A brain worm (D:15)
  4 big kobolds
  A gnoll sergeant (D:8)
  A wyvern zombie (D:10)
  8 scorpions
  A troll zombie (D:11)
  3 wights (D:13)
  30 killer bees
  3 electric eels
  5 crimson imps
  2 giant frog zombies
  32 orc priests
  8 hounds
  A quasit (D:13)
  A jelly (D:10)
  21 orc wizards
  Crazy Yiuf (D:5)
  A giant frog skeleton (D:13)
  Ijyb (D:3)
  4 worker ants
  9 iguanas
  12 sheep
  A killer bee zombie (D:7)
  A big kobold zombie (Ossuary)
  4 ogre zombies (D:11)
  A hound zombie (D:5)
  A hound skeleton (D:9)
  8 mummies (Ossuary)
  3 worker ant zombies
  58 river rats
  16 adders
  8 gnolls
  A shadow imp (D:14)
  An ooze (D:1)
  2 adder zombies
  2 worms
  5 giant geckos
  210 orcs
  2 ball pythons
  10 bats
  2 gnoll zombies (Ossuary)
  3 goblins
  3 hobgoblins
  10 jackals
  25 kobolds
  5 quokkas
  9 giant cockroaches
  A giant gecko skeleton (D:6)
  4 giant newts
  2 goblin zombies (D:11)
  A hobgoblin skeleton (D:11)
  A hobgoblin zombie (D:11)
  A jackal skeleton (D:6)
  2 kobold zombies (Ossuary)
  2 orc skeletons (D:11)
  16 orc zombies
  A quokka skeleton (D:6)
  4 rats
  A bush (Lair:8)
  5 plants
996 creatures vanquished.

Vanquished Creatures (others)
  7 hydras
  An orc sorcerer (Orc:4)
  A tengu conjurer (D:15)
  An efreet (D:10)
  A komodo dragon (D:9)
  25 fungi
  20 plants
56 creatures vanquished.

Grand Total: 1052 creatures vanquished

Notes
Turn   | Place    | Note
--------------------------------------------------------------
     0 | Abyss:1  | edsrzf the Minotaur Abyssal Knight began the quest for the Orb.
     0 | Abyss:1  | Reached XP level 1. HP: 19/19 MP: 1/1
     4 | Abyss:1  | Found a corrupted altar of Lugonu.
    16 | D:1      | Escaped the Abyss
   140 | D:1      | Reached skill level 2 in Invocations
   140 | D:1      | Reached XP level 2. HP: 18/27 MP: 2/2
   275 | D:1      | Reached skill level 3 in Polearms
   642 | D:2      | Reached ** piety under Lugonu
   786 | D:2      | Reached XP level 3. HP: 22/33 MP: 3/3
   789 | D:2      | Reached skill level 3 in Armour
   962 | D:2      | Reached skill level 4 in Fighting
  1268 | D:2      | Reached skill level 2 in Dodging
  1464 | D:3      | Reached XP level 4. HP: 35/40 MP: 4/4
  1699 | D:3      | Reached skill level 4 in Polearms
  1702 | D:3      | Found a bloodstained altar of Trog.
  1763 | D:3      | Found a faded altar to an unknown god.
  1934 | D:3      | Reached XP level 5. HP: 46/46 MP: 5/5
  1965 | D:3      | Noticed Ijyb
  1975 | D:3      | Killed Ijyb
  2148 | D:4      | Noticed a phantom
  2440 | D:4      | Reached skill level 4 in Armour
  2440 | D:4      | Reached skill level 3 in Invocations
  2664 | D:4      | Reached skill level 5 in Polearms
  2664 | D:4      | Reached XP level 6. HP: 48/53 MP: 7/7
  2777 | D:4      | Reached *** piety under Lugonu
  3429 | D:5      | Entered Level 5 of the Dungeon
  3470 | D:5      | Identified 6 scrolls of identify
  3470 | D:5      | Identified 3 scrolls of enchant armour
  3471 | D:5      | Identified 2 scrolls of magic mapping
  3472 | D:5      | Identified 2 scrolls of remove curse
  3474 | D:5      | Identified 2 scrolls of enchant weapon
  3477 | D:5      | Identified 4 potions of curing
  3478 | D:5      | Identified 2 potions of heal wounds
  3578 | D:5      | Reached skill level 5 in Fighting
  3677 | D:5      | Found a staircase to the Ecumenical Temple.
  4092 | D:5      | Found a basalt altar of Yredelemnul.
  4139 | D:5      | Reached XP level 7. HP: 61/61 MP: 8/8
  4244 | D:5      | Got a steaming chain mail
  4255 | D:5      | Identified the +0 chain mail "Gaodul" {rElec rPois Str-2} (You found it on level 5 of the Dungeon)
  4280 | D:5      | Noticed Crazy Yiuf
  4286 | D:5      | Paralysed by Crazy Yiuf for 6 turns
  4296 | D:5      | Cast into the Abyss (Crazy Yiuf)
  4297 | D:5      | Escaped the Abyss
  4299 | D:5      | Killed Crazy Yiuf
  4299 | D:5      | Reached skill level 6 in Polearms
  4528 | D:6      | Found Muquadop's Distillery.
  4546 | D:6      | Bought a potion of agility for 44 gold pieces
  4546 | D:6      | Bought a potion of might for 44 gold pieces
  4546 | D:6      | Bought a potion of mutation for 27 gold pieces
  4638 | D:6      | Reached skill level 5 in Armour
  4703 | D:6      | Got a slimy leather armour
  4714 | D:6      | Identified the cursed +0 leather armour of the First Snow {SInv} (You found it on level 6 of the Dungeon)
  5052 | D:7      | Killed a phantom
  5052 | D:7      | Reached skill level 6 in Fighting
  5052 | D:7      | Reached skill level 7 in Polearms
  5052 | D:7      | Reached skill level 4 in Invocations
  5073 | D:7      | Found a sand-covered staircase.
  5082 | Ossuary  | Entered an ossuary
  5314 | Ossuary  | Reached XP level 8. HP: 17/70 MP: 10/10
  5799 | Ossuary  | Identified 4 potions of magic
  5800 | Ossuary  | Identified 3 scrolls of amnesia
  6457 | D:8      | Identified 2 potions of flight
  6471 | D:8      | Noticed Grum
  6490 | D:8      | Reached skill level 8 in Polearms
  6490 | D:8      | Reached skill level 6 in Armour
  6732 | D:8      | Killed Grum
  6766 | D:7      | Reached skill level 7 in Fighting
  6766 | D:7      | Reached skill level 5 in Invocations
  7053 | D:8      | Reached skill level 9 in Polearms
  7061 | D:8      | Identified 2 scrolls of immolation
  7216 | D:8      | Identified a potion of invisibility
  7304 | D:8      | Found a deep blue altar of Sif Muna.
  7339 | D:8      | Reached XP level 9. HP: 40/79 MP: 11/11
  7798 | D:8      | Reached skill level 7 in Armour
  7893 | D:8      | Found a shadowy altar of Dithmenos.
  8210 | D:9      | Identified 2 potions of brilliance
  8211 | D:9      | Identified 2 scrolls of brand weapon
  8212 | D:9      | Identified a potion of beneficial mutation
  8213 | D:9      | Gained mutation: You can breathe flames. [potion of beneficial mutation]
  8232 | D:9      | Reached skill level 10 in Polearms
  8300 | D:9      | Reached **** piety under Lugonu
  8353 | D:9      | Reached skill level 6 in Invocations
  8383 | D:9      | Found a shattered altar of Ashenzari.
  8460 | D:9      | Reached skill level 8 in Fighting
  8480 | D:9      | Found a sacrificial altar of Ru.
  8481 | D:9      | Found an iron altar of Okawaru.
  8623 | D:10     | Entered Level 10 of the Dungeon
  8680 | D:10     | Reached skill level 8 in Armour
  8693 | D:10     | Reached skill level 11 in Polearms
  8693 | D:10     | Reached XP level 10. HP: 23/90 MP: 13/13
  9169 | D:10     | Found a staircase to the Lair.
  9180 | D:10     | Noticed a komodo dragon
  9180 | D:10     | Noticed a komodo dragon
  9229 | D:9      | Banished a komodo dragon
  9678 | D:10     | Noticed an efreet
  9688 | D:10     | Banished an efreet
  9755 | D:10     | Noticed Gastronok
 10089 | D:11     | Noticed a manticore
 10099 | D:11     | Killed a manticore
 10099 | D:11     | Reached skill level 9 in Fighting
 10099 | D:11     | Reached skill level 7 in Invocations
 10253 | D:11     | Noticed Urug
 10256 | D:11     | Noticed Urug
 10256 | D:11     | Urug changed into Urug the yaktaur
 10266 | D:11     | Killed Urug the yaktaur
 10266 | D:11     | Reached skill level 9 in Armour
 10456 | D:11     | Noticed a cyclops
 10461 | D:10     | Reached skill level 12 in Polearms
 10493 | D:10     | Reached ***** piety under Lugonu
 10845 | D:10     | Noticed chequers's ghost (journeyman DsAK)
 10871 | Lair:1   | Entered Level 1 of the Lair of Beasts
 11355 | Lair:1   | Reached XP level 11. HP: 88/97 MP: 15/15
 11948 | Lair:2   | Noticed Harold
 11968 | Lair:2   | Killed Harold
 11968 | Lair:2   | Reached skill level 13 in Polearms
 11968 | Lair:2   | Reached skill level 8 in Invocations
 12011 | Lair:2   | Reached skill level 10 in Fighting
 12018 | Lair:2   | Reached skill level 10 in Armour
 12249 | Lair:2   | Identified a scroll of teleportation
 12569 | Lair:2   | Reached ****** piety under Lugonu
 12859 | Lair:3   | Noticed a five-headed hydra
 12861 | Lair:3   | Banished a five-headed hydra
 12954 | Lair:3   | Identified 3 scrolls of fear
 12998 | Lair:3   | Reached skill level 14 in Polearms
 13365 | Lair:3   | Identified a scroll of recharging
 13948 | Lair:4   | Identified a scroll of torment
 13950 | Lair:4   | Got a shimmering ring mail
 13961 | Lair:4   | Identified the cursed +1 ring mail of the Twelve Places {-Tele MP+9 SInv} (You found it on level 4 of the Lair of Beasts)
 13989 | Lair:4   | Identified 2 potions of berserk rage
 14004 | Lair:4   | Found a labyrinth entrance.
 14054 | Lab      | Entered a labyrinth
 14107 | Lab      | Reached skill level 11 in Fighting
 14824 | Lab      | Reached skill level 9 in Invocations
 14824 | Lab      | Reached XP level 12. HP: 110/110 MP: 17/17
 14955 | Lab      | Noticed a minotaur
 14967 | Lab      | Killed a minotaur
 14970 | Lab      | Got a scorched plate armour
 14983 | Lab      | Identified the cursed +1 plate armour of Peppyass {rPois Stlth+} (You took it off a minotaur in a labyrinth)
 14987 | Lab      | Identified the Handbook of Combat Magic
 14991 | Lab      | Identified a +3 rod of shadows (6/14) (You took it off a minotaur in a labyrinth)
 14992 | Lab      | Identified a +2 iron rod (9/9) (You found it in a labyrinth)
 15053 | Lair:4   | Reached skill level 11 in Armour
 15061 | Lair:4   | Identified 2 potions of degeneration
 15062 | Lair:4   | Identified 2 potions of cancellation
 15063 | Lair:4   | Identified a potion of lignification
 15320 | Lair:4   | Found a staircase to the Snake Pit.
 15876 | Lair:5   | Reached skill level 15 in Polearms
 15939 | Lair:5   | Identified a scroll of random uselessness
 15945 | Lair:5   | Noticed a five-headed hydra
 15948 | Lair:5   | Banished a five-headed hydra
 16082 | Lair:5   | Identified 2 scrolls of vulnerability
 16776 | Lair:6   | Reached skill level 12 in Armour
 16918 | Lair:6   | Reached skill level 10 in Invocations
 16931 | Lair:6   | Reached skill level 12 in Fighting
 17128 | Lair:6   | Identified a scroll of fog
 17252 | Lair:6   | Noticed a five-headed hydra
 17256 | Lair:6   | Banished a five-headed hydra
 17256 | Lair:6   | Reached XP level 13. HP: 118/118 MP: 19/19
 17264 | Lair:6   | Reached skill level 16 in Polearms
 17279 | Lair:6   | Found a staircase to the Swamp.
 17401 | Lair:6   | Identified a scroll of summoning
 17634 | Lair:7   | Identified a scroll of holy word
 17703 | Lair:7   | Reached skill level 1 in Evocations
 17864 | Lair:7   | Reached skill level 2 in Evocations
 18254 | Lair:7   | Identified 2 scrolls of noise
 18319 | Lair:7   | Reached skill level 17 in Polearms
 18319 | Lair:7   | Reached skill level 3 in Evocations
 18482 | Lair:7   | Got a pair of fine gloves
 18494 | Lair:7   | Identified the +2 pair of gloves "Vemiulu" {rC+ rN+ MP+9} (You found it on level 7 of the Lair of Beasts)
 18766 | Lair:8   | Entered Level 8 of the Lair of Beasts
 18924 | Lair:8   | Reached skill level 4 in Evocations
 19122 | Lair:8   | Reached skill level 18 in Polearms
 19219 | Lair:8   | Reached skill level 5 in Evocations
 19765 | Lair:8   | Found a staircase to the Slime Pits.
 19843 | Lair:8   | Reached XP level 14. HP: 121/126 MP: 20/20
 19898 | Lair:8   | Identified a potion of poison
 20081 | Lair:8   | Noticed a dire elephant
 20094 | Lair:8   | Killed a dire elephant
 20650 | D:10     | Killed chequers's ghost
 20650 | D:10     | Reached skill level 6 in Evocations
 20726 | D:11     | Identified a potion of cure mutation
 20849 | D:11     | Killed an unseen horror
 20963 | D:11     | Found a staircase to the Orcish Mines.
 21023 | D:11     | Killed a cyclops
 21023 | D:11     | Reached skill level 19 in Polearms
 21079 | D:11     | Noticed a red ugly thing
 21084 | D:11     | Killed a red ugly thing
 21253 | D:11     | Found a sacrificial altar of Ru.
 21416 | Orc:1    | Entered Level 1 of the Orcish Mines
 21444 | Orc:1    | Noticed Maurice
 21451 | Orc:1    | Killed Maurice
 21634 | Orc:1    | Found a roughly hewn altar of Beogh.
 21858 | Orc:2    | Paralysed by an orc sorcerer for 2 turns
 21968 | Orc:3    | Noticed Rupert
 21973 | Orc:3    | Paralysed by Rupert for 7 turns
 22453 | Orc:3    | Paralysed by an orc sorcerer for 4 turns
 22629 | Orc:3    | Banished Rupert
 22629 | Orc:3    | Reached skill level 3 in Dodging
 22906 | Orc:4    | Entered Level 4 of the Orcish Mines
 23156 | Orc:4    | Found Seschuwn's Distillery.
 23477 | Orc:4    | Found Owaipnob's Food Shop.
 23773 | Orc:4    | Found a staircase to the Elven Halls.
 23979 | Orc:4    | Reached skill level 4 in Dodging
 24057 | Orc:4    | Found a burning altar of Makhleb.
 24636 | Orc:4    | Reached skill level 11 in Invocations
 25168 | Orc:4    | Reached skill level 5 in Dodging
 25296 | Orc:4    | Paralysed by an orc sorcerer for 5 turns
 25302 | Orc:4    | Reached skill level 20 in Polearms
 25375 | Orc:4    | Paralysed by an orc sorcerer for 5 turns
 25405 | Orc:4    | Found Ziusi's Gadget Shoppe.
 25405 | Orc:4    | Found Keudeam's Antique Weapon Emporium.
 25406 | Orc:4    | Found a one-way gate leading to the halls of Pandemonium.
 25705 | Orc:4    | Bought 2 potions of heal wounds for 130 gold pieces
 25787 | Orc:2    | Found Qeopneho's Distillery.
 25983 | Orc:2    | Bought a potion of heal wounds for 50 gold pieces
 25983 | Orc:2    | Bought a potion of heal wounds for 50 gold pieces
 25983 | Orc:2    | Bought a potion of haste for 100 gold pieces
 25983 | Orc:2    | Bought a potion of beneficial mutation for 350 gold pieces
 25983 | Orc:2    | Bought a potion of haste for 100 gold pieces
 25983 | Orc:2    | Lost mutation: You can breathe flames. [potion of cure mutation]
 25987 | Orc:2    | Gained mutation: Your skin changes colour to match your surroundings (Stealth). [potion of beneficial mutation]
 26118 | Orc:2    | Noticed Snorg
 26131 | Orc:2    | Killed Snorg
 26618 | D:12     | Reached XP level 15. HP: 132/132 MP: 22/22
 27282 | D:13     | Reached skill level 6 in Dodging
 27453 | D:13     | Identified a potion of ambrosia
 28368 | D:14     | Found a gate to the Vaults.
 28699 | D:14     | Noticed Frances
 28699 | D:14     | Reached skill level 7 in Dodging
 28718 | D:14     | Killed Frances
 29383 | D:15     | Entered Level 15 of the Dungeon
 29452 | D:15     | Found a staircase to the Depths.
 29460 | D:15     | Reached skill level 21 in Polearms
 30021 | D:15     | Reached skill level 12 in Invocations
 30057 | D:15     | Found a glowing golden altar of the Shining One.
 30085 | D:15     | Paralysed by a hornet for 4 turns
 30252 | D:15     | Reached skill level 8 in Dodging
 30890 | Snake:1  | Entered Level 1 of the Snake Pit
 30930 | Snake:1  | Noticed Josephine
 30946 | Snake:1  | Killed Josephine
 30991 | Snake:1  | Killed from afar by a shock serpent

Action                   |  1- 3 |  4- 6 |  7- 9 | 10-12 | 13-15 || total
-------------------------+-------+-------+-------+-------+-------++-------
Melee: Spear             |    95 |   235 |   343 |       |       ||   673
       Glaive            |       |       |   139 |    98 |       ||   237
       Bardiche          |       |       |       |   594 |  1518 ||  2112
 Fire: Blowgun           |       |       |       |       |     3 ||     3
Throw: Javelin           |       |       |       |       |     1 ||     1
Invok: Depart the Abyss  |       |       |     1 |       |       ||     1
       Banish            |       |       |       |     5 |    21 ||    26
 Abil: Breathe Fire      |       |       |     1 |       |       ||     1
Evoke: Wand              |       |       |       |     3 |       ||     3
  Use: Scroll            |       |     7 |    10 |    18 |    12 ||    47
       Potion            |       |       |     3 |     1 |     9 ||    13
  Eat: Chunk             |    11 |     9 |    13 |    14 |    48 ||    95
       Meat ration       |       |       |       |     2 |       ||     2
       Royal jelly       |       |       |       |     5 |       ||     5
       Fruit             |       |       |       |     5 |       ||     5
       Pizza             |       |       |       |     2 |     1 ||     3
       Beef jerky        |       |       |       |     2 |     3 ||     5
